 Dungeon Crawl Stone Soup version 0.20.1-1-g8b1a95d (webtiles) character file.

157883 Gargoyl the Severer (level 17, -10/151 HPs)
             Began as a Minotaur Abyssal Knight on Sept 4, 2017.
             Was the Champion of Lugonu.
             Mangled by a spark wasp (13 damage)
             ... on level 3 of the Spider Nest.
             The game lasted 01:02:24 (33032 turns).

Gargoyl the Severer (Minotaur Abyssal Knight)      Turns: 33032, Time: 01:02:26

Health: -10/151    AC: 30    Str: 28 (29) XL:     17   Next: 13%
Magic:  26/26      EV: 11    Int: 14      God:    Lugonu [******]
Gold:   162        SH:  0    Dex: 18 (19) Spells: 16/16 levels left

rFire    . . .     SeeInvis +   y - +8 battleaxe (freeze)
rCold    . . .     Gourm    .   (shield currently unavailable)
rNeg     + . .     Faith    .   F - +3 plate armour {rPois}
rPois    +         Spirit   .   (helmet restricted)
rElec    .         Reflect  .   G - +0 cloak "Veqoh" {rN+ SInv}
rCorr    .         Harm     .   K - +2 pair of gloves of Exclusion {Int+5}
MR       ++...                  k - +2 pair of boots
Stlth    ..........             C - amulet of regeneration
Regen    0.8/turn               p - ring "Nieruw" {MR+ Dex+3}
MPRegen  0.2/turn               v - +5 ring of strength

@: no status effects
A: retaliatory headbutt, horns 2, agile 2, strong 1
a: Depart the Abyss, Bend Space, Banish, Corrupt, Enter the Abyss, Brand Weapon
With Distortion, Renounce Religion


You were on level 3 of the Spider Nest.
You worshipped Lugonu.
Lugonu was exalted by your worship.
You were not hungry.

You visited 4 branches of the dungeon, and saw 26 of its levels.
You visited the Abyss 3 times.
You also visited: Bailey.

You collected 2236 gold pieces.
You spent 2074 gold pieces at shops.

Inventory:

Hand Weapons
 x - a +3 battleaxe
 y - a +8 battleaxe of freezing (weapon)
 L - a +2 war axe of chopping
Missiles
 l - 14 javelins (quivered)
Armour
 g - a +2 shield of fire resistance
 k - a +2 pair of boots (worn)
 F - a +3 plate armour of poison resistance (worn)
 G - the +0 cloak "Veqoh" (worn) {rN+ SInv}
   (You found it on level 6 of the Lair of Beasts)

   It protects you from negative energy.
   It lets you see invisible.
 I - a +0 shield of reflection
 K - the +2 pair of gloves of Exclusion (worn) {Int+5}
   (You bought it in a shop on level 2 of the Orcish Mines)

   It affects your intelligence (+5).
Jewellery
 p - the ring "Nieruw" (left hand) {MR+ Dex+3}
   (You bought it in a shop on level 15 of the Dungeon)

   [ring of protection from magic]

   It affects your dexterity (+3).
   It affects your resistance to hostile enchantments.
 v - a +5 ring of strength (right hand)
 B - an uncursed ring of protection from cold
 C - an amulet of regeneration (around neck)
 N - an uncursed ring of protection from magic
Wands
 q - a wand of flame (10/48)
 t - a wand of paralysis (13/24)
 w - a wand of random effects (34/48)
 A - a wand of paralysis (5/24)
 O - a wand of confusion (20/48)
Scrolls
 a - 7 scrolls of fog
 o - 7 scrolls of remove curse
 s - a scroll of amnesia
 z - 5 scrolls of recharging
 D - a scroll of silence
 E - 2 scrolls of magic mapping
 H - 5 scrolls of teleportation
 M - 3 scrolls of fear
 P - 2 scrolls of identify
 U - 2 scrolls of summoning
Potions
 b - 2 potions of brilliance
 d - 8 potions of haste
 e - 5 potions of curing
 h - 2 potions of cancellation
 i - 2 potions of invisibility
 u - 4 potions of might
 J - 2 potions of flight
 Q - a potion of magic
 Z - 2 potions of resistance
Books
 n - Koibiqumo's Reference Book on Supportive Air
   (You found it on level 15 of the Dungeon)

   Spells                             Type                      Level
   a - Summon Small Mammal            Summoning                    1
   b - Mephitic Cloud                 Conjuration/Poison/Air       3
   c - Lightning Bolt                 Conjuration/Air              5
   d - Summon Forest                  Summoning/Translocation      5
   e - Deflect Missiles               Charms/Air                   6
Comestibles
 c - 6 bread rations
 f - 13 meat rations
 j - 17 royal jellies
 r - 6 fruits


   Skills:
 + Level 13.7 Fighting
 + Level 19.3 Axes
 + Level 2.4 Throwing
 * Level 18.4 Armour
 + Level 4.4 Dodging
 + Level 1.6 Shields
 * Level 13.7 Invocations
 + Level 3.0 Evocations


You had 16 spell levels left.
You didn't know any spells.

Dungeon Overview and Level Annotations

Branches:
Dungeon (15/15)            Temple (0/1) D:4            Lair (6/6) D:10
  Swamp (0/4) Lair:3       Spider (3/4) Lair:3        Slime (0/5) Lair:5
    Orc (2/2) D:9             Elf (0/3) Orc:2        Vaults (0/5) D:13
 Depths (0/5) D:15

Altars:
Ashenzari
Cheibriados
Dithmenos
Gozag
Kikubaaqudgha
Nemelex Xobeh
Qazlal
Ru
Uskayaw
Xom
Yredelemnul
Beogh

Shops:
D:7 [   D:8 *   D:15 =   Orc:2 [=*(

Annotations:
Lair:6 exclusion: 2 oklob plants
Abyss:1 Nergalle


Innate Abilities, Weirdness & Mutations

You reflexively headbutt those who attack you in melee.
You have a pair of horns on your head.
You are very agile. (Dex +4)
Your muscles are strong. (Str +2)


Message History

Unknown command.
You closely miss the spark wasp. You slash the demonic crawler!
You freeze the demonic crawler.
You kill the demonic crawler!
Lugonu accepts your kill.
Your plate armour prevents you from hitting the spark wasp.
The spark wasp stings you!!
* * * LOW HITPOINT WARNING * * *
The spark wasp shocks you!
* * * LOW HITPOINT WARNING * * *
The spark wasp stings you but does no damage.
Unknown command.
Unknown command.
You feel better.
You feel less invigorated.
The demonic crawler gives a hideous shriek!
The spark wasp misses you. You furiously retaliate!
You headbutt the spark wasp. The spark wasp stings you!
* * * LOW HITPOINT WARNING * * *
The spark wasp shocks you!
You die...

.....# .....##### #
.........###. ##
.........##...#.###
..........#...?^@.#
..........#....yys##
..........##....^..###
....<......#...s....^#
.....%.....#.........#
....%.%....#.........#
.............s....####
...........^......#
........?.ยง.ss...##


You could see 2 spark wasps, a demonic crawler, an orb spider and a tarantella.

Vanquished Creatures
  Rupert (Lair:5)
  Donald (Orc:2)
  3 orc warlords
  A fire giant (D:15)
  A ghost moth (Spider:3)
  The ghost of Edgeworth the Severer, a journeyman DDFi of Ashenzari (D:13)
  A deep elf elementalist (Abyss:3)
  2 entropy weavers
  A stone giant (Orc:1)
  An ettin (Orc:1)
  Harold (Lair:3)
  An ice dragon (D:13)
  Erica (Lair:2)
  2 death knights (D:15)
  3 two-headed ogres
  4 death yaks (Lair:6)
  The ghost of Chungus the Blocker, a journeyman GrBe of Trog (Orc:1)
  A centaur warrior (D:13)
  An orc high priest (Orc:2)
  Urug (Lair:2)
  A skeletal warrior (D:15)
  The ghost of Timinator the Firebug, a novice DsFE of Gozag (D:7)
  A sea snake (shapeshifter) (D:13)
  2 wretched stars
  A large abomination (Abyss:3)
  A wizard (D:15)
  7 wolf spiders
  3 orc knights (Orc:2)
  Pikel (D:6)
  10 ugly things
  3 orb spiders (Spider:2)
  3 orc sorcerers (Orc:2)
  2 cyclopes
  2 manticores (D:14)
  A moth of wrath (Spider:3)
  A worldbinder (Abyss:3)
  Joseph (Lair:1)
  3 centaur zombies
  Maurice (Orc:2)
  2 black mambas (Lair:4)
  6 elephants (Lair:5)
  Psyche (D:8)
  3 gargoyles
  A torpor snail (Lair:6)
  21 spiny frogs
  A komodo dragon (shapeshifter) (D:14)
  The ghost of letownia the Insei, a novice OpTm (D:6)
  2 rime drakes
  7 komodo dragons
  5 demonic crawlers
  4 freezing wraiths
  6 trolls
  2 tengu conjurers
  21 jumping spiders
  A troll (shapeshifter) (D:13)
  3 hornets
  2 polar bears
  3 tyrant leeches (Lair:6)
  14 dream sheep (Lair:6)
  26 blink frogs
  9 hippogriffs
  Sigmund (D:6)
  45 redbacks
  A vampire (D:15)
  A spriggan (Lair:3)
  8 tarantellas
  2 wraiths
  5 wyverns
  A human (D:9)
  A basilisk (Lair:5)
  43 yaks
  3 hungry ghosts
  3 hogs (D:9)
  2 neqoxecs
  10 vampire mosquitoes
  A chaos spawn (Abyss:1)
  15 wargs
  6 swamp worms (Lair:3)
  An acid dragon (D:12)
  6 porcupines
  17 water moccasins
  3 ice beasts
  44 orc warriors
  A necrophage (D:7)
  6 sky beasts
  2 black bears
  A phantom (D:4)
  3 starcursed masses (Abyss:1)
  17 wolves
  11 ogres
  17 centaurs
  13 crocodiles
  2 big kobolds
  28 bullfrogs
  Blork the orc (Orc:2)
  A small abomination (Abyss:1)
  8 scorpions
  A wyvern skeleton (D:15)
  11 killer bees
  4 wights
  7 howler monkeys
  2 electric eels
  3 crimson imps
  3 bullfrog zombies
  8 jellies
  2 quasits (D:10)
  20 orc priests
  4 hounds
  Crazy Yiuf (D:5)
  A bullfrog skeleton (D:5)
  6 centaur skeletons
  An iguana (D:7)
  27 orc wizards
  2 hell rats (Lair:4)
  15 worker ants
  A hound skeleton (D:4)
  Robin (D:3)
  11 gnolls (Bailey)
  14 adders
  6 river rats (Lair:4)
  4 shadow imps
  5 oozes
  An adder zombie (D:7)
  2 adder skeletons (D:4)
  A dart slug (D:1)
  6 leopard geckos
  104 orcs
  8 bats
  10 giant cockroaches
  27 goblins
  25 hobgoblins
  8 jackals
  7 quokkas
  3 ball pythons
  11 frilled lizards
  15 kobolds
  2 leopard gecko skeletons
  A quokka skeleton (D:6)
  A quokka zombie (D:9)
  8 rats
  3 fungi
  4 plants
  2 starspawn tentacles (Abyss:1)
954 creatures vanquished.

Vanquished Creatures (others)
  An ettin (D:13)
  11 hydras
  An orb spider (Spider:2)
  A spiny frog (Lair:6)
  A crocodile (D:7)
  2 bullfrogs
  An electric eel (Lair:6)
  An orc wizard (D:6)
  2 orcs (D:6)
  A giant cockroach (D:6)
  A ball python (D:6)
  A bush (Lair:6)
  15 fungi (Lair:6)
  A lurking horror (Abyss:3)
  52 plants (Lair:6)
  6 starspawn tentacles (Abyss:1)
98 creatures vanquished.

Grand Total: 1052 creatures vanquished

Notes
Turn   | Place    | Note
-------+----------+-------------------------------------------
     0 | Abyss:1  | Gargoyl the Minotaur Abyssal Knight began the quest for the Orb.
     0 | Abyss:1  | Reached XP level 1. HP: 19/19 MP: 1/1
    54 | Abyss:1  | Noticed a large abomination
    72 | Abyss:1  | Noticed a ynoxinul
    74 | D:1      | Escaped the Abyss
   313 | D:1      | Reached XP level 2. HP: 23/27 MP: 2/2
   406 | D:1      | Reached * piety under Lugonu
  1085 | D:1      | Reached XP level 3. HP: 33/33 MP: 3/3
  1379 | D:2      | Found an opulent altar of Gozag.
  1569 | D:2      | Found a shattered altar of Ashenzari.
  1626 | D:2      | Reached skill level 3 in Axes
  1740 | D:2      | Reached ** piety under Lugonu
  1905 | D:2      | Found a sparkling altar of Nemelex Xobeh.
  2117 | D:3      | Reached XP level 4. HP: 32/40 MP: 4/4
  2502 | D:3      | Reached XP level 5. HP: 45/47 MP: 5/5
  2504 | D:3      | Noticed Robin
  2514 | D:3      | Killed Robin
  2779 | D:3      | Reached skill level 4 in Axes
  2924 | D:3      | Reached *** piety under Lugonu
  3037 | D:3      | Found a shadowy altar of Dithmenos.
  3272 | D:4      | Found a staircase to the Ecumenical Temple.
  3356 | D:4      | Noticed an ogre
  3359 | D:4      | Killed an ogre
  3359 | D:4      | Reached XP level 6. HP: 41/53 MP: 7/7
  3549 | D:4      | Reached skill level 5 in Armour
  3850 | D:4      | Reached skill level 5 in Axes
  4015 | D:4      | Reached XP level 7. HP: 23/60 MP: 8/8
  4252 | D:4      | Reached skill level 6 in Axes
  4792 | D:5      | Entered Level 5 of the Dungeon
  4928 | D:5      | Reached skill level 5 in Fighting
  5042 | D:5      | Found a basalt altar of Yredelemnul.
  5084 | D:5      | Reached XP level 8. HP: 52/68 MP: 9/9
  5109 | D:5      | Reached **** piety under Lugonu
  5915 | D:5      | Found a runed door.
  5919 | D:5      | Noticed Crazy Yiuf
  5931 | D:5      | Killed Crazy Yiuf
  6176 | D:6      | Reached skill level 7 in Axes
  6448 | D:6      | Noticed Pikel
  6463 | D:6      | Killed Pikel
  6463 | D:6      | Reached skill level 1 in Evocations
  6696 | D:6      | Reached XP level 9. HP: 74/74 MP: 11/11
  6859 | D:6      | Noticed Sigmund
  6871 | D:6      | Killed Sigmund
  6871 | D:6      | Reached skill level 8 in Axes
  6871 | D:6      | Reached skill level 5 in Invocations
  7055 | D:6      | Noticed letownia's ghost (novice OpTm)
  7064 | D:6      | Killed letownia's ghost
  7107 | D:6      | Reached skill level 10 in Armour
  7164 | D:6      | Found a hide-covered altar of Uskayaw.
  7356 | D:7      | Noticed a two-headed ogre
  7357 | D:7      | Noticed Timinator's ghost (novice DsFE)
  7385 | D:6      | Killed a two-headed ogre
  7385 | D:6      | Reached skill level 9 in Axes
  7626 | D:7      | Reached XP level 10. HP: 68/84 MP: 13/13
  7823 | D:7      | Found Vehy's Armour Boutique.
  7913 | D:7      | Bought a +1 plate armour of poison resistance for 320 gold pieces
  7969 | D:7      | Killed Timinator's ghost
  8893 | D:8      | Noticed Psyche
  9095 | D:8      | Gained mutation: Potions are less effective at restoring your health. [mutagenic meat]
  9097 | D:8      | Gained mutation: You are agile. (Dex +2) [mutagenic meat]
  9098 | D:8      | Gained mutation: You occasionally shout uncontrollably at your foes. [mutagenic meat]
  9099 | D:8      | Gained mutation: Your spells are a little harder to cast, but a little more powerful. [mutagenic meat]
  9100 | D:8      | Gained mutation: You are resistant to hostile enchantments. (MR+) [mutagenic meat]
  9116 | D:8      | Lost mutation: You are resistant to hostile enchantments. (MR+) [potion of mutation]
  9116 | D:8      | Lost mutation: Potions are less effective at restoring your health. [potion of mutation]
  9116 | D:8      | Lost mutation: Your spells are a little harder to cast, but a little more powerful. [potion of mutation]
  9116 | D:8      | Lost mutation: You occasionally shout uncontrollably at your foes. [potion of mutation]
  9116 | D:8      | Gained mutation: You possess an exceptional clarity of mind. [potion of mutation]
  9116 | D:8      | Gained mutation: Your muscles are strong. (Str +2) [potion of mutation]
  9144 | D:8      | Found Raogenk's General Store.
  9221 | D:8      | Found a stormy altar of Qazlal.
  9363 | D:8      | Killed Psyche
  9363 | D:8      | Reached skill level 10 in Axes
  9903 | D:9      | Noticed a two-headed ogre
  9908 | D:9      | Noticed a two-headed ogre
  9919 | D:9      | Found a shimmering altar of Xom.
  9974 | D:8      | Killed a two-headed ogre
 10097 | D:8      | Killed a two-headed ogre
 10097 | D:8      | Reached skill level 1 in Throwing
 10097 | D:8      | Reached XP level 11. HP: 37/92 MP: 15/15
 10354 | D:9      | Reached ***** piety under Lugonu
 10373 | D:9      | Reached skill level 11 in Axes
 10609 | D:9      | Found a sacrificial altar of Ru.
 10810 | D:9      | Found a staircase to the Orcish Mines.
 10861 | D:9      | Found a snail-covered altar of Cheibriados.
 10861 | D:9      | Found an ancient bone altar of Kikubaaqudgha.
 10969 | D:10     | Entered Level 10 of the Dungeon
 11240 | D:10     | Found a flagged portal.
 11249 | Bailey   | Entered a bailey
 11474 | Bailey   | Reached skill level 12 in Axes
 11593 | Bailey   | Noticed an orc warlord
 11595 | Bailey   | Reached ****** piety under Lugonu
 11610 | Bailey   | Killed an orc warlord
 11978 | D:10     | Found a staircase to the Lair.
 12461 | Lair:1   | Entered Level 1 of the Lair of Beasts
 12475 | Lair:1   | Noticed Joseph
 12486 | Lair:1   | Killed Joseph
 12582 | Lair:1   | Noticed a seven-headed hydra
 12584 | Lair:1   | Identified Osoubefu's Collected Works on Gliding Intoxication
 12587 | Lair:1   | Banished a seven-headed hydra
 12591 | Lair:1   | Reached XP level 12. HP: 101/103 MP: 12/17
 12665 | Lair:1   | Reached skill level 13 in Axes
 12820 | Lair:1   | Identified a scroll of acquirement
 13005 | Lair:1   | Noticed an eight-headed hydra
 13026 | Lair:1   | Banished an eight-headed hydra
 13949 | Lair:2   | Noticed Erica
 13956 | Lair:2   | Killed Erica
 14220 | Lair:2   | Noticed Nergalle
 14230 | Lair:2   | Banished Nergalle
 14523 | Lair:2   | Noticed Urug
 14758 | Lair:2   | Killed Urug
 15142 | Lair:3   | Reached skill level 10 in Invocations
 15171 | Lair:3   | Found a hole to the Spider Nest.
 15526 | Lair:3   | Reached skill level 14 in Axes
 15564 | Lair:3   | Identified Usoffeja's Incunabulum of Stolen Souls
 15619 | Lair:3   | Noticed a six-headed hydra
 15620 | Lair:3   | Banished a six-headed hydra
 15689 | Lair:3   | Found a staircase to the Swamp.
 16073 | Lair:3   | Noticed Harold
 16083 | Lair:3   | HP: 1/106 [Harold/bolt of fire (29)]
 16086 | Lair:3   | Killed Harold
 16786 | Lair:4   | Reached XP level 13. HP: 113/113 MP: 19/19
 16801 | Lair:4   | Reached skill level 15 in Armour
 16821 | Lair:4   | Reached skill level 10 in Fighting
 17934 | Lair:5   | Noticed Rupert
 17957 | Lair:5   | Killed Rupert
 17957 | Lair:5   | Reached skill level 15 in Axes
 18219 | Lair:5   | Found a staircase to the Slime Pits.
 18979 | Lair:6   | Entered Level 6 of the Lair of Beasts
 19501 | Lair:6   | Reached XP level 14. HP: 88/122 MP: 21/21
 20029 | Lair:6   | Reached skill level 16 in Axes
 21237 | Lair:6   | Got a polished cloak
 21449 | Lair:6   | Identified the +0 cloak "Veqoh" {rN+ SInv} (You found it on level 6 of the Lair of Beasts)
 22492 | D:12     | Identified the Compendium of Earth and the Glacier
 23573 | D:13     | Noticed Edgeworth's ghost (journeyman DDFi)
 23592 | D:13     | Killed Edgeworth's ghost
 24132 | D:13     | Reached skill level 17 in Axes
 24554 | D:13     | Found a gate to the Vaults.
 25632 | D:14     | Reached skill level 1 in Shields
 25632 | D:14     | Reached XP level 15. HP: 132/132 MP: 23/23
 25907 | D:15     | Entered Level 15 of the Dungeon
 26207 | D:15     | Reached XP level 16. HP: 79/139 MP: 24/24
 26736 | D:15     | Identified Koibiqumo's Reference Book on Supportive Air
 26761 | D:15     | Found a staircase to the Depths.
 26795 | D:15     | Cast into level 2 of the Abyss (a wizard)
 26923 | Abyss:3  | Lost mutation: You possess an exceptional clarity of mind. [a neqoxec]
 26925 | Abyss:3  | Gained mutation: You are very agile. (Dex +4) [a neqoxec]
 26973 | D:15     | Escaped the Abyss
 27256 | D:15     | Found Hucesk's Jewellery Emporium.
 27269 | D:15     | Bought an uncursed amulet of regeneration for 390 gold pieces
 27275 | D:15     | Bought the ring "Nieruw" {MR+ Dex+3} for 497 gold pieces
 27775 | D:15     | Reached skill level 18 in Axes
 27903 | Abyss:1  | Noticed a tentacled starspawn
 27907 | Abyss:1  | Noticed a tentacled starspawn
 27920 | D:15     | Escaped the Abyss
 28211 | Orc:1    | Entered Level 1 of the Orcish Mines
 28513 | Orc:2    | Entered Level 2 of the Orcish Mines
 28550 | Orc:2    | Noticed Maurice
 28561 | Orc:2    | Noticed Donald
 28566 | Orc:2    | Killed Maurice
 28577 | Orc:2    | Killed Donald
 29068 | Orc:2    | Noticed Blork the orc
 29071 | Orc:2    | Found a roughly hewn altar of Beogh.
 29073 | Orc:2    | Killed Blork the orc
 29077 | Orc:2    | Found Dowo's Antique Weapon Shop.
 29088 | Orc:2    | Found Loadghorgh's Jewellery Shop.
 29091 | Orc:2    | Found Mevotsed's General Store.
 29100 | Orc:2    | Found Meagazeu's Antique Armour Shop.
 29332 | Orc:2    | Bought a pair of heavily runed gloves for 332 gold pieces
 29342 | Orc:2    | Identified the +2 pair of gloves of Exclusion {Int+5} (You bought it in a shop on level 2 of the Orcish Mines)
 29449 | Orc:2    | Found a staircase to the Elven Halls.
 29478 | Orc:1    | Noticed Chungus's ghost (journeyman GrBe)
 29488 | Orc:1    | Killed Chungus's ghost
 30559 | Spider:1 | Entered Level 1 of the Spider Nest
 30938 | D:15     | Bought a +5 ring of strength for 535 gold pieces
 32074 | Spider:1 | Reached skill level 19 in Axes
 32643 | Spider:2 | Reached XP level 17. HP: 114/150 MP: 26/26
 33017 | Spider:3 | HP: 7/151 [spark wasp (17)]
 33019 | Spider:3 | HP: 3/151 [redback (7)]
 33032 | Spider:3 | HP: 3/151 [spark wasp (15)]
 33032 | Spider:3 | Mangled by a spark wasp

Skill      XL: |  1  2  3  4  5  6  7  8  9 10 11 12 13 14 15 16 |
---------------+-------------------------------------------------+-----
Invocations    | 2 3 4 6 7 8 10 11 12 13 | 13.7
Fighting       | 4 5 6 7 8 9 10 12 13 | 13.7
Armour         | 3 4 5 7 9 11 12 13 14 15 17 18 | 18.4
Axes           | 3 4 5 6 7 9 10 12 14 15 17 19 | 19.3
Dodging        | 2 3 4 |  4.4
Evocations     | 1 2 3 |  3.0
Throwing       | 1 2 |  2.4
Shields        | 1 |  1.6

Action                   |  1- 3 |  4- 6 |  7- 9 | 10-12 | 13-15 | 16-18 || total
-------------------------+-------+-------+-------+-------+-------+-------++-------
Melee: Hand axe          |   110 |   123 |   303 |   102 |       |       ||   638
       Headbutt          |    14 |    18 |    60 |   115 |   123 |   134 ||   464
       War axe           |       |       |       |    90 |       |       ||    90
       Battleaxe         |       |       |       |   425 |   577 |   474 ||  1476
Throw: Tomahawk          |       |     2 |       |     4 |       |       ||     6
       Javelin           |       |       |       |     4 |    13 |       ||    17
Invok: Depart the Abyss  |     1 |       |       |       |       |     2 ||     3
       Banish            |       |       |     2 |     9 |    21 |     4 ||    36
       Bend Space        |       |       |       |       |     2 |       ||     2
       Enter the Abyss   |       |       |       |       |       |     1 ||     1
 Abil: Evoke Berserk Rag |       |       |     2 |     3 |       |       ||     5
Evoke: Wand              |       |     1 |     9 |       |     5 |       ||    15
  Use: Scroll            |     4 |     5 |     3 |    24 |    10 |     6 ||    52
       Potion            |     2 |       |       |    12 |     5 |     5 ||    24
 Stab: Invisible         |       |       |       |     1 |       |       ||     1
       Paralysed         |       |       |       |     1 |       |       ||     1
       Distracted        |       |       |       |       |       |     1 ||     1
  Eat: Chunk             |     4 |     6 |    18 |    36 |    28 |    15 ||   107
       Bread ration      |       |       |       |     3 |     2 |     2 ||     7
Armor: Leather armour    |     5 |       |       |       |       |       ||     5
       Ring mail         |    39 |    26 |       |       |       |       ||    65
       Chain mail        |       |    24 |   170 |    27 |       |       ||   221
       Plate armour      |       |       |       |   514 |   466 |   488 ||  1468
Dodge: Dodged            |    78 |    76 |   122 |   365 |   319 |   356 ||  1316
